 Dungeon Crawl Stone Soup version 0.28.0 (webtiles) character file.

Game seed: 16961382243523635011

176 pkoi the Conjurer (level 5, -2/38 HPs)
             Began as a Draconian Conjurer on Feb 8, 2022.
             Killed from afar by Sigmund (8 damage)
             ... with a magic dart
             ... on level 3 of the Dungeon.
             The game lasted 00:04:04 (3793 turns).

pkoi the Conjurer (Draconian Conjurer)              Turns: 3793, Time: 00:04:04

Health: -2/38      AC:  5    Str: 10    XL:     5   Next: 30%
Magic:  6/9        EV: 12    Int: 20    God:
Gold:   132        SH:  0    Dex:  9    Spells: 3/10 levels left

rFire   . . .      SeeInvis .   a - +0 short sword
rCold   . . .      Faith    .   (no shield)
rNeg    . . .      Spirit   .   (armour unavailable)
rPois   .          Reflect  .   (helmet restricted)
rElec   .          Harm     .   (no cloak)
rCorr   .          Rampage  .   (no gloves)
Will    .....                   (no boots)
Stlth   ++........              (no amulet)
HPRegen 0.12/turn               (no ring)
MPRegen 0.11/turn               (no ring)

@: no status effects
A: AC +5, unfitting armour, cold-blooded
a: no special abilities


You were on level 3 of the Dungeon.
You visited 1 branch of the dungeon, and saw 3 of its levels.

You collected 132 gold pieces.

Inventory:

Hand Weapons
 a - a +0 short sword (weapon)
Missiles
 e - 2 poisoned darts
Wands
 h - a wand of polymorph (3)
Scrolls
 b - 4 scrolls of identify {unknown}
 c - 3 scrolls of fear {unknown}
 f - a scroll of magic mapping {unknown}
Potions
 d - a potion of might {unknown}
 g - a potion of haste {unknown}


   Skills:
 - Level 1.7 Dodging
 - Level 1.7 Stealth
 - Level 3.0 Spellcasting
 * Level 5.9 Conjurations
 + Level 1.4 Translocations


You had 3 spell levels left.
You knew the following spells:

 Your Spells              Type           Power      Damage    Failure   Level
a - Magic Dart            Conj           100%       1d8       1%          1
b - Searing Ray           Conj           52%        2d6       1%          2
c - Iskenderun's Mystic   Conj/Tloc      17%        2d5       32%         4

Your spell library contained the following spells:

 Spells                   Type           Power      Damage    Failure   Level
 Dazzling Flash           Conj/Hex       28%        N/A       13%         3
 Stone Arrow              Conj/Erth      28%        3d8       13%         3
 Sandblast                Erth           6%         2d5       14%         1
 Passwall                 Tmut/Erth      2%         N/A       22%         2
 Fulminant Prism          Conj/Hex       7%         3d7       38%         4


Dungeon Overview and Level Annotations

Branches:
Dungeon (3/15)

Altars:
Wu Jian
Xom

Annotations:
D:3 Sigmund


Innate Abilities, Weirdness & Mutations

Your plain brown scales are hard. (AC +5)
You cannot fit into any form of body armour.
You are cold-blooded and may be slowed by cold attacks.


Message History

Sigmund is moderately wounded. (Press . to maintain the ray.) Sigmund points at you and mumbles some strange words.
You are confused.
You feel yourself speed up.
Sigmund gestures wildly while chanting.
Sigmund flickers and vanishes!
Deactivating autopickup; reactivate with Ctrl-A.
You hear some strange, mumbled words.
A magic dart appears from out of thin air!
The magic dart hits you.
* * * LOW HITPOINT WARNING * * *
Something hits you.
* * * LOW HITPOINT WARNING * * *
Something freezes you.
* * * LOW HITPOINT WARNING * * *
Unknown command.
You're too confused to move!
Something hits you!
* * * LOW HITPOINT WARNING * * *
Something freezes you.
* * * LOW HITPOINT WARNING * * *
You bump into the rock wall.
You bump into the rock wall.
You hear some strange, mumbled words.
A puff of flame appears from out of thin air!
The puff of flame misses you.
You feel less confused. Something hits you but does no damage.
A magic dart appears from out of thin air!
The magic dart hits you!
* * * LOW HITPOINT WARNING * * *
Casting: Searing Ray (safe; 1% risk of failure)
Confirm with . or Enter, or press ? or * to list all spells.
Aiming: Searing Ray (safe; 1% risk of failure)
Press: ? - help, Shift-Dir - straight line The searing ray hits something! (Press . to maintain the ray.)
A magic dart appears from out of thin air!
The magic dart hits you!
You die...

.##......###.#####
..§≈.. # #
............# ≈ ..
#####.####### ... #.
...# #. ### #########
#####.?.....#
#...@....##.#
#...{###.##.##.#
#..... #.##.##.#
....... ..##)##.#
####.#.######.##.####
#.#..............# #
#######.###.##.# #.#
#.##.# #.# #.##.#


There were no monsters in sight!

Vanquished Creatures
  Jessica (D:3)
  Natasha (thrice) (D:2)
  3 adders (D:2)
  A dart slug (D:2)
  An orc (D:2)
  2 endoplasms
  A giant cockroach (D:2)
  4 goblins
  3 hobgoblins (D:2)
  4 jackals (D:1)
  4 kobolds
  5 quokkas
  4 ball pythons
  4 bats (D:2)
  2 frilled lizards
  4 rats
  2 toadstools (D:1)
48 creatures vanquished.

Vanquished Creatures (others)
  7 plants (D:1)
  2 toadstools (D:1)
9 creatures vanquished.

Grand Total: 57 creatures vanquished

Notes
Turn   | Place    | Note
-------+----------+-------------------------------------------
     0 | D:1      | pkoi the Draconian Conjurer began the quest for the Orb.
     0 | D:1      | Reached XP level 1. HP: 14/14 MP: 3/3
   447 | D:1      | Reached XP level 2. HP: 11/20 MP: 5/5
  1530 | D:2      | Reached XP level 3. HP: 9/26 MP: 0/7
  1744 | D:2      | Learned a level 2 spell: Searing Ray
  1923 | D:2      | Noticed Natasha
  1931 | D:2      | Killed Natasha
  1932 | D:2      | Reached skill level 5 in Conjurations
  1932 | D:2      | Reached XP level 4. HP: 29/33 MP: 0/8
  2327 | D:2      | Learned a level 4 spell: Iskenderun's Mystic Blast
  2340 | D:2      | Noticed Natasha
  2355 | D:2      | Killed Natasha
  2375 | D:2      | Noticed Natasha
  2388 | D:2      | Killed Natasha
  2389 | D:2      | Reached skill level 1 in Translocations
  2790 | D:2      | Reached XP level 5. HP: 38/38 MP: 6/9
  3448 | D:3      | Found a shimmering altar of Xom.
  3532 | D:3      | Found an ornate altar of the Wu Jian Council.
  3713 | D:3      | Noticed Jessica
  3717 | D:3      | Killed Jessica
  3777 | D:3      | Noticed Sigmund
  3793 | D:3      | Killed from afar by Sigmund

Illustrated notes

Levels and vault maps discovered:
D:1:      ldierk_water_garden, layout_basic, chequers_big_river
D:2:      layout_basic, uniq_natasha
D:3:      layout_loops_corners, nicolae_wu_jian_wuxing_cycle, xom_butterflies,
          mainiacjoe_overflow_boulevard, uniq_jessica, uniq_sigmund

Skill      XL: |  1  2  3  4 |
---------------+-------------+-----
Spellcasting   | 3 |  3.0
Conjurations   | 5 |  5.9
Translocations | 1 |  1.4
Dodging        | |  1.7
Stealth        | |  1.7

Action                   |  1- 3 |  4- 6 || total
-------------------------+-------+-------++-------
Melee: Short sword       |    27 |     9 ||    36
       Unarmed           |     7 |       ||     7
       Tailslap          |     3 |     3 ||     6
 Cast: Magic Dart        |    42 |    41 ||    83
       Searing Ray       |     1 |     4 ||     5
  Use: Potion            |     1 |       ||     1
Armor: Skin              |    15 |     4 ||    19
Dodge: Dodged            |    21 |     9 ||    30
